 Dungeon Crawl Stone Soup version 0.25-a0-578-gc91f01c39c (webtiles) character file.

Game seed: 16901026916178855534, levelgen mode: deterministic

4242 Flugslaktarn the Cleaver (level 10, 0/91 HPs)
             Began as a Deep Dwarf Fighter on Mar 6, 2020.
             Was a Believer of Makhleb.
             Slain by a seven-headed hydra (5 damage)
             ... on level 1 of the Lair of Beasts.
             The game lasted 00:02:44 (3621 turns).

Flugslaktarn the Cleaver (Deep Dwarf Fighter)       Turns: 3621, Time: 00:02:45

Health: 0/91       AC: 13    Str: 23    XL:     10   Next: 9%
Magic:  10/10      EV:  5    Int:  9    God:    Makhleb [**....]
Gold:   295        SH: 12    Dex: 12    Spells: 9/9 levels left

rFire    . . .     SeeInvis .   f - +7 war axe
rCold    . . .     Gourm    .   c - +1 kite shield
rNeg     . . .     Faith    .   l - +0 plate armour
rPois    .         Spirit   .   (no helmet)
rElec    .         Reflect  .   (no cloak)
rCorr    .         Harm     .   (no gloves)
MR       +....                  (no boots)
Stlth    ..........             (no amulet)
HPRegen  0.00/turn              (no ring)
MPRegen  0.12/turn              (no ring)

@: non-regenerating
A: damage resistance, heal wounds, sense surroundings 2, no regeneration
a: Heal Wounds, Minor Destruction, Renounce Religion


You were on level 1 of the Lair of Beasts.
You worshipped Makhleb.
Makhleb was pleased with you.
You were hungry.

You visited 3 branches of the dungeon, and saw 10 of its levels.

You collected 295 gold pieces.

Inventory:

Hand Weapons
 f - a +7 war axe (weapon)
   (You took it off a wight on level 6 of the Dungeon)
Missiles
 n - 2 throwing nets (quivered)
Armour
 b - a +0 scale mail
 c - a +1 kite shield (worn)
 l - a +0 plate armour (worn)
   (You found it on level 5 of the Dungeon)
Jewellery
 t - an uncursed amulet of magic regeneration {unknown}
   (You found it on level 8 of the Dungeon)
Wands
 h - a wand of iceblast (4)
   (You found it on level 7 of the Dungeon)
Scrolls
 i - a scroll of amnesia {unknown}
 j - 3 scrolls of enchant armour
 k - a scroll of immolation
 m - 3 scrolls of blinking {unknown}
 o - a scroll of enchant weapon {unknown}
 r - 6 scrolls of identify
 x - 4 scrolls of remove curse
Potions
 d - a potion of might
 g - a potion of stabbing {unknown}
 p - a potion of ambrosia
 q - 2 potions of curing
 s - a potion of heal wounds {unknown}
Comestibles
 a - 7 chunks of flesh
 e - 16 rations


   Skills:
 + Level 6.2 Fighting
 * Level 9.8 Axes
 + Level 7.5 Armour
 + Level 7.5 Shields
 + Level 6.4 Invocations


You had 9 spell levels left.
You didn't know any spells.
Your spell library was empty.

Dungeon Overview and Level Annotations

Branches:
Dungeon (8/15)             Temple (1/1) D:5            Lair (1/6) D:8

Altars:
Ashenzari
Cheibriados
Dithmenos
Elyvilon
Fedhas
Gozag
Hepliaklqana
Kikubaaqudgha
Makhleb
Nemelex Xobeh
Okawaru
Qazlal
Ru
Sif Muna
Trog
Uskayaw
Vehumet
Wu Jian
Xom
The Shining One

Annotations:
D:3 1 transporter


Innate Abilities, Weirdness & Mutations

You are resistant to damage.
You can heal yourself by infusing magical energy.
You passively map the area around you.
You do not regenerate.


Message History

The seven-headed hydra is severely wounded.
The seven-headed hydra bites you.
* * * LOW HITPOINT WARNING * * *
The seven-headed hydra bites you.
You block the seven-headed hydra's attack.
The seven-headed hydra bites you but does no damage.
The seven-headed hydra barely misses you.
The seven-headed hydra bites you!
* * * LOW HITPOINT WARNING * * *
You block the seven-headed hydra's attack.
Evoke which item? (* to show all) (? for menu, Esc to quit)
Aiming: Iceblast
Press: ? - help, Shift-Dir - straight line The mass of ice explodes!
You block the seven-headed hydra's attack.
The seven-headed hydra bites you but does no damage.
You block the seven-headed hydra's attack.
The seven-headed hydra bites you but does no damage. x2
The seven-headed hydra bites you!
You die...

#,
##..####..#######.#.♣P≈≈♣
*
*....................≈≈P≈≈
* ,
#..####...#######.###♣♣≈≈≈
* #.# #.#<##.### , ♣♣P≈ ,
, .. * #.#.#.... ♣♣≈ , .#.
#.#.##.#** ** ♣≈♣ , *
#####.#....### ### ##♣ *,*
* ......#.P.#..####.#####.
*, ,
.......@D...............
*,
*##.#.##....#########.##.
,,,, , , #...## , #...##
..^....., #.#.## , *
.....#..#.,**...#.# ,, * *
#####..#.,.#...,...**
#..##...)# ?.. * *
...#*##.# ... * * * ,, ..
...##


You could see a seven-headed hydra.

Vanquished Creatures
  An elephant (D:8)
  2 hippogriffs
  A wyvern (D:8)
  A basilisk (D:8)
  Menkaure (D:7)
  A water moccasin (Lair:1)
  2 orc warriors
  3 sky beasts
  3 ogres
  A phantom (D:5)
  A black bear (D:7)
  3 centaurs
  2 crocodiles
  3 bullfrogs
  2 electric eels (Lair:1)
  8 wights
  A howler monkey (D:7)
  A bullfrog zombie (D:7)
  3 crimson imps
  5 orc priests
  A gnoll shaman (D:8)
  4 hounds
  2 jellies (D:6)
  Ijyb (D:4)
  3 iguanas
  8 orc wizards
  5 worker ants
  2 hound skeletons
  2 worker ant zombies (D:8)
  3 howler monkey skeletons
  3 gnolls (D:8)
  6 adders
  A shadow imp (D:6)
  A worm (D:2)
  2 dart slugs
  A leopard gecko (D:2)
  16 orcs
  2 giant cockroaches
  2 hobgoblins
  5 quokkas
  2 bats
  2 frilled lizards (D:4)
  A goblin (D:2)
  A jackal skeleton (D:5)
  2 quokka skeletons
  A rat (D:1)
  A plant (Lair:1)
125 creatures vanquished.

Notes
Turn   | Place    | Note
-------+----------+-------------------------------------------
     0 | D:1      | Flugslaktarn the Deep Dwarf Fighter began the quest for the
                  | Orb.
     0 | D:1      | Reached XP level 1. HP: 20/20 MP: 1/1
    63 | D:2      | Reached XP level 2. HP: 12/27 MP: 2/2
   127 | D:3      | Found a transporter.
   159 | D:3      | Reached XP level 3. HP: 29/34 MP: 2/2
   173 | D:3      | Reached skill level 3 in Axes
   256 | D:5      | Entered Level 5 of the Dungeon
   353 | D:4      | Found a snail-covered altar of Cheibriados.
   354 | D:4      | Found a radiant altar of Vehumet.
   354 | D:4      | Found a shadowy altar of Dithmenos.
   524 | D:4      | Reached XP level 4. HP: 29/42 MP: 3/3
   648 | D:4      | Noticed Ijyb
   677 | D:4      | Killed Ijyb
   677 | D:4      | Reached XP level 5. HP: 41/49 MP: 4/4
   817 | D:4      | Found an iron altar of Okawaru.
   911 | D:4      | Reached skill level 4 in Axes
   915 | D:4      | Found an ancient bone altar of Kikubaaqudgha.
  1251 | D:5      | Noticed a phantom
  1290 | D:5      | Killed a phantom
  1290 | D:5      | Reached XP level 6. HP: 45/57 MP: 4/4
  1509 | D:5      | Found a staircase to the Ecumenical Temple.
  1525 | D:5      | Reached skill level 5 in Axes
  1533 | D:5      | Reached XP level 7. HP: 23/64 MP: 5/5
  1545 | D:5      | Reached skill level 5 in Shields
  1553 | Temple   | Entered the Ecumenical Temple
  1616 | Temple   | Became a worshipper of Makhleb the Destroyer
  1629 | D:5      | Reached skill level 5 in Armour
  1648 | D:5      | Reached skill level 1 in Invocations
  1690 | D:5      | Found a blossoming altar of Fedhas.
  1747 | D:5      | Found a white marble altar of Elyvilon.
  1912 | D:6      | Reached skill level 6 in Axes
  1977 | D:6      | Reached XP level 8. HP: 56/73 MP: 6/6
  2111 | D:6      | Found a hazy altar of Hepliaklqana.
  2126 | D:6      | Found a sacrificial altar of Ru.
  2223 | D:6      | Reached * piety under Makhleb
  2235 | D:6      | Reached skill level 7 in Axes
  2302 | D:7      | Found a stormy altar of Qazlal.
  2352 | D:7      | Reached skill level 5 in Fighting
  2419 | D:7      | Noticed a hippogriff
  2427 | D:7      | Killed a hippogriff
  2549 | D:7      | Reached skill level 8 in Axes
  2610 | D:7      | Noticed Menkaure
  2618 | D:7      | Killed Menkaure
  2618 | D:7      | Gained mutation: You passively map the area around you.
                  | [Deep Dwarf growth]
  2618 | D:7      | Reached XP level 9. HP: 42/81 MP: 8/8
  2887 | D:8      | Found an iron altar of Okawaru.
  2901 | D:8      | Reached skill level 5 in Invocations
  2957 | D:8      | Reached ** piety under Makhleb
  2957 | D:8      | Reached skill level 9 in Axes
  2963 | D:8      | Found a staircase to the Lair.
  2965 | D:8      | Noticed an elephant
  2978 | D:8      | Killed an elephant
  3192 | D:8      | Reached XP level 10. HP: 90/91 MP: 10/10
  3379 | Lair:1   | Entered Level 1 of the Lair of Beasts
  3601 | Lair:1   | Noticed a seven-headed hydra
  3621 | Lair:1   | Slain by a seven-headed hydra

Levels and vault maps discovered:
D:1:      wander_arrival_estate, layout_rooms
D:2:      layout_rooms, zin_statuary, yredelemnul_forgotten_temple_becter,
          uniq_sigmund
D:3:      gammafunk_wand_slinger, layout_rooms, uniq_crazy_yiuf_cottage
D:4:      layout_cave_pools, marbit_many_paths, gammafunk_temple_overflow_claw,
          serial_co_window_serial, co_window_corner_a, co_window_paths_a,
          co_window_paths_a, co_window_of_opportunity_a, co_window_corner_a,
          co_window_broadway_a, co_window_unsneaky_path_c, co_window_corner_ca,
          co_window_unsneaky_path_e, co_window_cross_4, co_window_corner_cb,
          co_window_paths_c, glass_columns_a, glass_columns_a, glass_columns_b,
          glass_columns_a, glass_columns_c, okawaru_metal_pillars_1_2, uniq_ijyb
D:5:      layout_loops_ring, kennysheep_mini, lemuel_coloured_pillars_altar,
          minmay_temple_entry_ruins, first_ration
D:6:      layout_rooms, minitemple, serial_park_tiny_pond
D:7:      layout_cave_pools, lemuel_round_altar, grunt_ogre_cave,
          chequers_avenue, kennysheep_generic_room_10, uniq_menkaure
D:8:      layout_cave_pools, overflow_temple_1_default, david_lair_generic
Temple:   eino_temple_lava
Lair:1:   layout_loops_ring, serial_bayou_lake_a, grunt_megastairs_2,
          lemuel_fruit_tree, uniq_maggie

Skill      XL: |  1  2  3  4  5  6  7  8  9 |
---------------+----------------------------+-----
Fighting       | 3 4 5 6 |  6.2
Axes           | 3 4 5 6 8 9 |  9.8
Shields        | 4 5 6 7 |  7.5
Armour         | 4 5 6 7 |  7.5
Invocations    | 2 4 6 |  6.4

Action                   |  1- 3 |  4- 6 |  7- 9 | 10-12 || total
-------------------------+-------+-------+-------+-------++-------
Melee: War axe           |    86 |   117 |   266 |    36 ||   505
 Abil: Heal Wounds       |     1 |     4 |    10 |     1 ||    16
Evoke: Wand              |       |       |       |     6 ||     6
  Use: Scroll            |       |       |     8 |       ||     8
  Eat: Ration            |       |     1 |       |       ||     1
       Chunk             |       |       |     5 |     1 ||     6
Armor: Scale mail        |    34 |       |       |       ||    34
       Plate armour      |    23 |    77 |   157 |    15 ||   272
Dodge: Dodged            |    27 |    21 |    63 |     5 ||   116
Block: Kite shield       |    51 |    63 |   152 |    20 ||   286

Table legend:
 A = Non-vault XP
 B = Vault XP
 C = Vault XP percentage of total XP
 D = Non-vault monster count
 E = Vault monster count
 F = Vault count percentage of total count
                 A         B        C        D         E       F
            +---------+---------+-------+---------+---------+-------
      Total |    4551 |    1509 |  24.9 |     115 |       9 |   7.3
            +---------+---------+-------+---------+---------+-------
        D:1 |       1 |       0 |   0.0 |       1 |       0 |   0.0
        D:2 |      16 |       0 |   0.0 |       6 |       0 |   0.0
        D:3 |      43 |       0 |   0.0 |       7 |       0 |   0.0
        D:4 |     101 |      81 |  44.5 |       7 |       2 |  22.2
        D:5 |     755 |       0 |   0.0 |      17 |       0 |   0.0
        D:6 |     942 |       0 |   0.0 |      25 |       0 |   0.0
        D:7 |     961 |     386 |  28.7 |      17 |       3 |  15.0
        D:8 |    1364 |    1042 |  43.3 |      31 |       4 |  11.4
     Lair:1 |     368 |       0 |   0.0 |       4 |       0 |   0.0
            +---------+---------+-------+---------+---------+-------
